TOP OF THE 1ST |
Lewiston Broncs batting - Pitching for Bend Bandits : LHP Fernando Gonzales
|
Pitching: LHP Fernando Gonzales
|
|
Batting: LHB Wayne Kirby
|
0-0: Ball 1-0: Ball 2-0: Called Strike 2-1: Foul Ball, location: 2F 2-2: Foul Ball, location: 2F 2-2: Ball 3-2: Ground out 6-3 (Groundball, P, EV 88.1 MPH)
|
Batting: LHB Alex Hernandez
|
0-0: Ball 1-0: Foul Ball, location: 2F 1-1: Ball 2-1: Foul Ball, location: 2F 2-2: Ball 3-2: Foul Ball, location: 2F 3-2: Foul Ball, location: 2F 3-2: Foul Ball, location: 2F 3-2: Strikes out swinging
|
Batting: RHB Jeff Kunkel
|
0-0: Ball 1-0: Ball 2-0: Called Strike 2-1: Ball 3-1: Base on Balls
|
Batting: RHB Bruce Castoria
|
0-0: Called Strike 0-1: Fly out, F9 (Flyball, 9D, EV 97.5 MPH)
|
Top of the 1st over - 0 runs, 0 hits, 0 errors, 1 left on base; Lewiston 0 - Bend 0 |
BOTTOM OF THE 1ST |
Bend Bandits batting - Pitching for Lewiston Broncs : RHP Theo Shaw
|
Pitching: RHP Theo Shaw
|
|
Batting: RHB Ronald Harper
|
0-0: Called Strike 0-1: Ground out 4-3 (Groundball, 4, EV 92.5 MPH)
|
Batting: LHB Jim Riggs
|
0-0: Ball 1-0: Foul Ball, location: 2F 1-1: Ball 2-1: Ball 3-1: Base on Balls
|
Batting: RHB Kevin Romine
|
0-0: Called Strike 0-1: Ball 1-1: Called Strike 1-2: Ball 2-2: Foul Ball, location: 2F 2-2: Strikes out swinging
|
Batting: LHB Chris Baird
|
0-0: Foul Ball, location: 2F 0-1: Ground out U3 (Groundball, 3, EV 105.0 MPH)
|
Bottom of the 1st over - 0 runs, 0 hits, 0 errors, 1 left on base; Lewiston 0 - Bend 0 |
TOP OF THE 2ND |
Lewiston Broncs batting - Pitching for Bend Bandits : LHP Fernando Gonzales
|
Batting: RHB Sal D'Alessandro
|
0-0: Ball 1-0: Ball 2-0: Swinging Strike 2-1: Ball 3-1: Base on Balls
|
Batting: LHB Nestor Moreno
|
0-0: Swinging Strike 0-1: Foul Ball, location: 2F 0-2: Ball 1-2: Grounds into double play, 6-4-3 (Groundball, 6, EV 85.0 MPH)
|
Batting: RHB Steven Spalt
|
0-0: Ball 1-0: Called Strike 1-1: Called Strike 1-2: Ball 2-2: Ground out 3-1 (Groundball, 34S, EV 90.0 MPH)
|
Top of the 2nd over - 0 runs, 0 hits, 0 errors, 0 left on base; Lewiston 0 - Bend 0 |
BOTTOM OF THE 2ND |
Bend Bandits batting - Pitching for Lewiston Broncs : RHP Theo Shaw
|
Batting: RHB Jeff Doerr
|
0-0: Ball 1-0: Ball 2-0: DOUBLE (Line Drive, 8RXD, EV 105.6 MPH)
|
Batting: LHB Darcy Walker
|
0-0: Ground out U3 (Groundball, 34, EV 77.5 MPH) Jeff Doerr to third
|
Batting: RHB Trajano Estrela
|
0-0: Fly out, F6 (Flyball, 56D, EV 83.8 MPH)
|
Batting: RHB Rick Austin
|
0-0: Called Strike 0-1: Ball 1-1: Ball 2-1: Ball 3-1: SINGLE (Line Drive, 6MD, EV 103.1 MPH) Jeff Doerr scores
|
Batting: RHB Jeffrey Thompson
|
Pickoff Throw to First - Out! 1-3
|
Bottom of the 2nd over - 1 run, 2 hits, 0 errors, 0 left on base; Lewiston 0 - Bend 1 |
TOP OF THE 3RD |
Lewiston Broncs batting - Pitching for Bend Bandits : LHP Fernando Gonzales
|
Batting: SHB Stephen Kowalski
|
0-0: Called Strike 0-1: Ball 1-1: Ball 2-1: Ball 3-1: Base on Balls
|
Batting: RHB Jay Roberts
|
0-0: Ball 1-0: Ball 2-0: Foul Ball, location: 2F 2-1: Called Strike 2-2: Grounds into double play, 6-4-3 (Groundball, 6, EV 91.3 MPH)
|
Batting: LHB Wayne Kirby
|
0-0: Called Strike 0-1: Foul Ball, location: 2F 0-2: Ground out 4-3 (Groundball, 4, EV 88.8 MPH)
|
Top of the 3rd over - 0 runs, 0 hits, 0 errors, 0 left on base; Lewiston 0 - Bend 1 |
BOTTOM OF THE 3RD |
Bend Bandits batting - Pitching for Lewiston Broncs : RHP Theo Shaw
|
Batting: RHB Jeffrey Thompson
|
0-0: Ball 1-0: Called Strike 1-1: Fly out, F8 (Flyball, 89S, EV 88.8 MPH)
|
Batting: RHB Ronald Harper
|
0-0: Ball 1-0: Called Strike 1-1: Called Strike 1-2: Ground out 4-3 (Groundball, 4, EV 78.8 MPH)
|
Batting: LHB Jim Riggs
|
0-0: Ball 1-0: Ball 2-0: Ball 3-0: Base on Balls
|
Batting: RHB Kevin Romine
|
0-0: Called Strike 0-1: Ball 1-1: Swinging Strike 1-2: Fly out, F8 (Flyball, 89D, EV 88.8 MPH)
|
Bottom of the 3rd over - 0 runs, 0 hits, 0 errors, 1 left on base; Lewiston 0 - Bend 1 |
TOP OF THE 4TH |
Lewiston Broncs batting - Pitching for Bend Bandits : LHP Fernando Gonzales
|
Batting: LHB Alex Hernandez
|
0-0: Ground out 6-3 (Groundball, 6M, EV 100.0 MPH)
|
Batting: RHB Jeff Kunkel
|
0-0: Called Strike 0-1: Fly out, F8 (Flyball, 8LS, EV 83.1 MPH)
|
Batting: RHB Bruce Castoria
|
0-0: Called Strike 0-1: SOLO HOME RUN (Line Drive, 7D, EV 99.4 MPH), Distance : 376 ft
|
Batting: RHB Sal D'Alessandro
|
0-0: Fly out, F8 (Line Drive, 8LD, EV 103.8 MPH)
|
Top of the 4th over - 1 run, 1 hit, 0 errors, 0 left on base; Lewiston 1 - Bend 1 |
BOTTOM OF THE 4TH |
Bend Bandits batting - Pitching for Lewiston Broncs : RHP Theo Shaw
|
Batting: LHB Chris Baird
|
0-0: SINGLE (Line Drive, 56, EV 103.8 MPH)
|
Batting: RHB Jeff Doerr
|
0-0: Called Strike Chris Baird steals 2nd base 0-1: Ball 1-1: Called Strike 1-2: Strikes out swinging
|
Batting: LHB Darcy Walker
|
0-0: Called Strike 0-1: Fly out, F8 (Flyball, 8RXD, EV 107.5 MPH) Runner from 2nd tags up, SAFE at 3rd, no throw by CF
|
Batting: RHB Trajano Estrela
|
0-0: Called Strike 0-1: Foul Ball, location: 2F 0-2: Foul Ball, location: 2F 0-2: Foul Ball, location: 2F 0-2: Fly out, F7 (Flyball, 7S, EV 85.6 MPH)
|
Bottom of the 4th over - 0 runs, 1 hit, 0 errors, 1 left on base; Lewiston 1 - Bend 1 |
TOP OF THE 5TH |
Lewiston Broncs batting - Pitching for Bend Bandits : LHP Fernando Gonzales
|
Batting: LHB Nestor Moreno
|
0-0: Ball 1-0: Foul Ball, location: 2F 1-1: Called Strike 1-2: Foul Ball, location: 2F 1-2: Ball 2-2: Ground out 4-3 (Groundball, 4M, EV 101.9 MPH)
|
Batting: RHB Steven Spalt
|
0-0: Ball 1-0: Called Strike 1-1: Ball 2-1: Ball 3-1: Foul Ball, location: 2F 3-2: Foul Ball, location: 2F 3-2: Base on Balls
|
Batting: SHB Stephen Kowalski
|
0-0: Ball 1-0: Ball Steven Spalt steals 2nd, throwing error, E2 Steven Spalt to third 2-0: Ball 3-0: Called Strike 3-1: Base on Balls
|
Batting: RHB Jay Roberts
|
0-0: Swinging Strike 0-1: Called Strike 0-2: Ball 1-2: Ball 2-2: Ball Wild Pitch! Steven Spalt scores Stephen Kowalski to second 3-2: Foul Ball, location: 2F 3-2: Base on Balls
|
Batting: LHB Wayne Kirby
|
0-0: Foul Ball, location: 2F 0-1: Foul Ball, location: 2F 0-2: Ball 1-2: Ball 2-2: Strikes out swinging
|
Batting: LHB Alex Hernandez
|
0-0: Fielders Choice at 2nd, 6-4 (Groundball, 6, EV 106.3 MPH)
|
Top of the 5th over - 1 run, 0 hits, 1 error, 2 left on base; Lewiston 2 - Bend 1 |
BOTTOM OF THE 5TH |
Bend Bandits batting - Pitching for Lewiston Broncs : RHP Theo Shaw
|
Batting: RHB Rick Austin
|
0-0: Ball 1-0: Ground out 2-3 (Groundball, 15S, EV 76.3 MPH)
|
Batting: RHB Jeffrey Thompson
|
0-0: Ball 1-0: Fly out, F3 (Flyball, 34D, EV 90.0 MPH)
|
Batting: RHB Ronald Harper
|
0-0: Ball 1-0: Ball 2-0: Foul Ball, location: 2F 2-1: Ball 3-1: Base on Balls
|
Batting: LHB Jim Riggs
|
0-0: Called Strike 0-1: Foul Ball, location: 2F 0-2: Ball 1-2: Foul Ball, location: 2F 1-2: Ground out U3 (Groundball, 34, EV 82.5 MPH)
|
Bottom of the 5th over - 0 runs, 0 hits, 0 errors, 1 left on base; Lewiston 2 - Bend 1 |
TOP OF THE 6TH |
Lewiston Broncs batting - Pitching for Bend Bandits : LHP Fernando Gonzales
|
Batting: RHB Jeff Kunkel
|
0-0: Ground out 5-3 (Groundball, 56S, EV 65.0 MPH)
|
Batting: RHB Bruce Castoria
|
0-0: Called Strike 0-1: Fly out, F9 (Flyball, 9S, EV 84.4 MPH)
|
Batting: RHB Sal D'Alessandro
|
0-0: Ball 1-0: Called Strike 1-1: Ball 2-1: Fly out, F7 (Flyball, 7S, EV 91.9 MPH)
|
Top of the 6th over - 0 runs, 0 hits, 0 errors, 0 left on base; Lewiston 2 - Bend 1 |
BOTTOM OF THE 6TH |
Bend Bandits batting - Pitching for Lewiston Broncs : RHP Theo Shaw
|
Batting: RHB Kevin Romine
|
0-0: Fly out, F7 (Flyball, 7, EV 83.1 MPH)
|
Batting: LHB Chris Baird
|
0-0: Called Strike 0-1: Foul Ball, location: 2F 0-2: Ball 1-2: Fly out, F7 (Line Drive, 7D, EV 107.5 MPH)
|
Batting: RHB Jeff Doerr
|
0-0: SINGLE (Groundball, 56S, EV 69.4 MPH) (infield hit)
|
Batting: LHB Darcy Walker
|
0-0: Ball 1-0: Ball 2-0: SINGLE (Groundball, 34D, EV 108.8 MPH) Jeff Doerr to second Runner from 2nd tries for 3rd, SAFE, no throw by RF
|
Batting: RHB Trajano Estrela
|
0-0: Ball 1-0: Ball 2-0: Called Strike 2-1: Foul Ball, location: 2F 2-2: Hit by Pitch Darcy Walker to second
|
Batting: RHB Rick Austin
|
0-0: Foul Ball, location: 2F 0-1: Foul Ball, location: 2F 0-2: Fielders Choice at 2nd, 6-4 (Groundball, 6, EV 88.1 MPH)
|
Bottom of the 6th over - 0 runs, 2 hits, 0 errors, 3 left on base; Lewiston 2 - Bend 1 |
TOP OF THE 7TH |
Lewiston Broncs batting - Pitching for Bend Bandits : LHP Fernando Gonzales
|
Batting: LHB Nestor Moreno
|
0-0: Called Strike 0-1: Ball 1-1: Ground out 6-3 (Groundball, 6, EV 81.9 MPH)
|
Batting: RHB Steven Spalt
|
0-0: Called Strike 0-1: Ball 1-1: Called Strike 1-2: Foul Ball, location: 2F 1-2: Foul Ball, location: 2F 1-2: Foul Ball, location: 2F 1-2: Ball 2-2: Ball 3-2: SINGLE (Groundball, 6S, EV 70.6 MPH) (infield hit)
|
Batting: SHB Stephen Kowalski
|
0-0: Ball 1-0: Ball 2-0: Called Strike 2-1: Grounds into double play, 4-6-3 (Groundball, 4, EV 81.9 MPH)
|
Top of the 7th over - 0 runs, 1 hit, 0 errors, 0 left on base; Lewiston 2 - Bend 1 |
BOTTOM OF THE 7TH |
Bend Bandits batting - Pitching for Lewiston Broncs : RHP Theo Shaw
|
Batting: RHB Jeffrey Thompson
|
0-0: Ball 1-0: Called Strike 1-1: Ball 2-1: Fly out, F9 (Flyball, 9S, EV 80.6 MPH)
|
Batting: RHB Ronald Harper
|
0-0: Ball 1-0: Foul Ball, location: 2F 1-1: Ball 2-1: Foul Ball, location: 2F 2-2: Ball 3-2: Fly out, F9 (Flyball, 9LD, EV 100.0 MPH)
|
Batting: LHB Jim Riggs
|
0-0: Ball 1-0: Foul Ball, location: 2F 1-1: Ground out 4-3 (Groundball, 4M, EV 89.4 MPH)
|
Bottom of the 7th over - 0 runs, 0 hits, 0 errors, 0 left on base; Lewiston 2 - Bend 1 |
TOP OF THE 8TH |
Lewiston Broncs batting - Pitching for Bend Bandits : LHP Fernando Gonzales
|
Batting: RHB Jay Roberts
|
0-0: Ball 1-0: Foul Ball, location: 2F 1-1: DOUBLE (Groundball, 5L, EV 105.6 MPH)
|
Batting: LHB Wayne Kirby
|
0-0: Intentional Walk
|
Batting: LHB Alex Hernandez
|
0-0: Sac Bunt to 15S - play at first, batter OUT! 1-4 Jay Roberts to third Wayne Kirby to second
|
Batting: RHB Jeff Kunkel
|
0-0: Intentional Walk
|
Batting: RHB Bruce Castoria
|
0-0: Called Strike 0-1: SINGLE (Groundball, 56D, EV 99.4 MPH) Jay Roberts scores Wayne Kirby to third Jeff Kunkel to second Runner from 3rd tries for Home, SAFE, throw by LF to home
|
Batting: RHB Sal D'Alessandro
|
0-0: Called Strike 0-1: Swinging Strike 0-2: Ball 1-2: Ball 2-2: DOUBLE (Line Drive, 7LD, EV 108.8 MPH) Jeff Kunkel scores Bruce Castoria to third Runner from 3rd tries for Home, SAFE, no throw by LF
|
Pitching: RHP Reggie Bratton
|
|
Batting: LHB Nestor Moreno
|
0-0: Called Strike 0-1: Foul Ball, location: 2F 0-2: Ball 1-2: DOUBLE (Line Drive, 89D, EV 102.5 MPH) Sal D'Alessandro scores
|
Batting: RHB Steven Spalt
|
0-0: Ball 1-0: Foul Ball, location: 2F 1-1: Ball 2-1: Foul Ball, location: 2F 2-2: Ball 3-2: Foul Ball, location: 2F 3-2: Ground out 4-3 (Groundball, 4, EV 105.0 MPH) Nestor Moreno to third
|
Batting: SHB Stephen Kowalski
|
0-0: Ground out U3 (Groundball, 3, EV 86.3 MPH)
|
Top of the 8th over - 5 runs, 4 hits, 0 errors, 1 left on base; Lewiston 7 - Bend 1 |
BOTTOM OF THE 8TH |
Bend Bandits batting - Pitching for Lewiston Broncs : RHP Theo Shaw
|
Batting: RHB Kevin Romine
|
0-0: Ball 1-0: SOLO HOME RUN (Flyball, 78XD, EV 98.8 MPH), Distance : 404 ft
|
Batting: LHB Chris Baird
|
0-0: Ball 1-0: SOLO HOME RUN (Flyball, 89XD, EV 90.0 MPH), Distance : 424 ft
|
Batting: RHB Jeff Doerr
|
0-0: Ball 1-0: Swinging Strike 1-1: Ball 2-1: Called Strike 2-2: Ball 3-2: Foul Ball, location: 2F 3-2: Base on Balls
|
Batting: LHB Darcy Walker
|
0-0: Ball 1-0: Ground out 6-3 (Groundball, 6M, EV 96.9 MPH) Jeff Doerr to second
|
Batting: RHB Trajano Estrela
|
0-0: Ball 1-0: Ball 2-0: Foul Ball, location: 2F 2-1: Called Strike 2-2: Ground out 4-3 (Groundball, 34D, EV 106.9 MPH) Jeff Doerr to third
|
Batting: RHB Rick Austin
|
0-0: SINGLE (Flyball, 34D, EV 93.1 MPH) Jeff Doerr scores
|
Batting: RHB Jeffrey Thompson
|
0-0: Called Strike 0-1: Fly out, F9 (Flyball, 89M, EV 80.0 MPH)
|
Bottom of the 8th over - 3 runs, 3 hits, 0 errors, 1 left on base; Lewiston 7 - Bend 4 |
TOP OF THE 9TH |
Lewiston Broncs batting - Pitching for Bend Bandits : RHP Reggie Bratton
|
Batting: RHB Jay Roberts
|
0-0: Foul Ball, location: 2F 0-1: Called Strike 0-2: Ball 1-2: Ball 2-2: Foul Ball, location: 2F 2-2: Ball 3-2: Ground out 5-3 (Groundball, 5, EV 86.9 MPH)
|
Batting: LHB Wayne Kirby
|
0-0: Ball 1-0: Called Strike 1-1: Called Strike 1-2: Ball 2-2: Strikes out swinging
|
Batting: LHB Alex Hernandez
|
0-0: Ground out 4-3 (Groundball, 34D, EV 89.4 MPH)
|
Top of the 9th over - 0 runs, 0 hits, 0 errors, 0 left on base; Lewiston 7 - Bend 4 |
BOTTOM OF THE 9TH |
Bend Bandits batting - Pitching for Lewiston Broncs : RHP Theo Shaw
|
Batting: RHB Ronald Harper
|
0-0: Called Strike 0-1: Ball 1-1: Ball 2-1: Called Strike 2-2: Strikes out swinging
|
Batting: LHB Jim Riggs
|
0-0: Ground out 4-3 (Groundball, 4, EV 86.9 MPH)
|
Batting: RHB Kevin Romine
|
0-0: Ball 1-0: Foul Ball, location: 2F 1-1: Ball 2-1: Foul Ball, location: 2F 2-2: Foul Ball, location: 2F 2-2: Ball 3-2: Base on Balls
|
Batting: LHB Chris Baird
|
0-0: Ball 1-0: Ball 2-0: Ball 3-0: Called Strike 3-1: Base on Balls Kevin Romine to second
|
Pitching: LHP Brian Householder
|
|
Batting: RHB Jeff Doerr
|
0-0: Foul Ball, location: 2F 0-1: Ball 1-1: Foul Ball, location: 2F 1-2: Fly out, F7 (Line Drive, 7D, EV 90.0 MPH)
|
Bottom of the 9th over - 0 runs, 0 hits, 0 errors, 2 left on base; Lewiston 7 - Bend 4 |
|